 Dungeon Crawl Stone Soup version 0.30-a0-722-g3e6e8c874d (webtiles) character file.

Game seed: 11511959308411528033

4785 jimonade the Thaumaturge (level 10, -7/74 HPs)
             Began as a Gnoll Hedge Wizard on Nov 20, 2022.
             Was an Initiate of Ashenzari.
             Mangled by Maggie
             ... wielding a +1 vampiric glaive
              (12 damage)
             ... on level 10 of the Dungeon on Jan 28, 2023.
             The game lasted 00:52:29 (12761 turns).

jimonade the Thaumaturge (Gnoll Hedge Wizard)      Turns: 12761, Time: 00:52:30

Health: -7/74      AC:  8    Str: 13    XL:     10   Next: 47%
Magic:  0/23       EV: 15    Int: 21    God:    Ashenzari [......]
Gold:   504        SH:  0    Dex: 13    Spells: 3/27 levels left

rFire   . . .      SeeInvis +    a - +6 hand axe of Spores {venom, rF- Int+8}
rCold   + . .      Faith    .    (no shield)
rNeg    . . .      Spirit   +    T - +2 robe {rC+ rF+}
rPois   .          Reflect  .    y - +0 helmet
rElec   .          Harm     .    I - +2 cloak
rCorr   .          Rampage  .    o - +0 pair of gloves
Will    .....                    N - +1 pair of boots
Stlth   +++                      x - amulet of guardian spirit
HPRegen 0.32/turn                v - ring of see invisible
MPRegen 0.18/turn                (no ring)

@: corroded, mesmerised
A: fangs 1, strong nose, distributed training
a: Renounce Religion, Curse Item


You were on level 10 of the Dungeon.
You worshipped Ashenzari.
Ashenzari was noncommittal.
You visited 2 branches of the dungeon, and saw 11 of its levels.
You also visited: Ossuary.

You collected 504 gold pieces.

Inventory:

Hand Weapons
 a - the +6 hand axe of Spores (weapon) {venom, rF- Int+8}
   (You found it on level 6 of the Dungeon)

   Int:       It affects your intelligence (+8).
   rF:        It makes you vulnerable to fire.
Missiles
 l - 3 throwing nets
 p - 23 poisoned darts
 E - 5 javelins
 F - an atropa-tipped dart
 G - 5 boomerangs
 Z - 4 curare-tipped darts
Armour
 b - a +0 troll leather armour
 c - a +0 hat
 i - a +0 leather armour
 j - a +0 ring mail
 o - a +0 pair of gloves (worn)
 y - a +0 helmet (worn)
 I - a +2 cloak (worn)
 N - a +1 pair of boots (worn)
 T - a +2 robe of resistance (worn)
 W - +0 steam dragon scales
Jewellery
 v - a ring of see invisible (left hand)
 x - an amulet of guardian spirit (around neck)
 O - a ring of ice
Wands
 f - a wand of flame (22)
 B - a wand of digging (6)
 P - a wand of mindburst (39)
Scrolls
 e - 8 scrolls of identify
 k - 2 scrolls of enchant weapon {unknown}
 m - 2 scrolls of amnesia
 q - 6 scrolls of magic mapping {unknown}
 t - 2 scrolls of vulnerability
 z - 2 scrolls of teleportation
 H - 5 scrolls of poison {unknown}
 J - a scroll of butterflies {unknown}
 L - a scroll of torment {unknown}
 M - 4 scrolls of immolation {unknown}
 Q - 2 scrolls of fog {unknown}
 S - a scroll of blinking
 U - a scroll of noise {unknown}
 V - 3 scrolls of enchant armour {unknown}
Potions
 d - 2 potions of magic
 g - 2 potions of flight
 h - 4 potions of curing
 n - a potion of cancellation {unknown}
 r - 2 potions of haste {unknown}
 s - a potion of berserk rage {unknown}
 u - a potion of ambrosia {unknown}
 A - a potion of resistance {unknown}
 C - a potion of mutation {unknown}
 K - a potion of brilliance {unknown}
 R - 3 potions of degeneration {unknown}
 X - a potion of might {unknown}
 Y - 3 potions of heal wounds {unknown}


   Skills:
 + Level 5.5 Fighting
 + Level 5.5 Short Blades
 + Level 5.5 Long Blades
 + Level 5.5 Axes
 + Level 5.5 Maces & Flails
 + Level 5.5 Polearms
 + Level 5.5 Staves
 + Level 5.5 Ranged Weapons
 + Level 5.5 Throwing
 + Level 5.5 Armour
 + Level 7.2 Dodging
 + Level 7.0 Stealth
 + Level 5.5 Shields
 + Level 5.5 Unarmed Combat
 + Level 9.1 Spellcasting
 + Level 5.1 Conjurations
 + Level 4.5 Hexes
 + Level 5.1 Summonings
 + Level 4.5 Necromancy
 + Level 5.1 Translocations
 + Level 4.5 Transmutations
 + Level 4.5 Fire Magic
 + Level 4.5 Ice Magic
 + Level 4.5 Air Magic
 + Level 4.5 Earth Magic
 + Level 4.5 Poison Magic
 + Level 6.0 Invocations
 + Level 5.5 Evocations


You had 3 spell levels left.
You knew the following spells:

 Your Spells              Type           Power      Damage    Failure   Level
a - Magic Dart            Conj           100%       1d8       1%          1
b - Blink                 Tloc           62%        N/A       1%          2
c - Call Imp              Summ           31%        N/A       1%          2
d - Cigotuvi's Dreadful   Necr/Pois/Air  56%        N/A       1%          2
e - Mephitic Cloud        Conj/Pois/Air  29%        N/A       3%          3
f - Kiss of Death         Conj/Necr      100%       2d13      1%          1
g - Stone Arrow           Conj/Erth      58%        3d10      3%          3
h - Confusing Touch       Hex            28%        N/A       3%          3
i - Animate Dead          Necr           28%        N/A       11%         4
j - Ignite Poison         Fire/Tmut/Pois 28%        N/A       3%          3

Your spell library contained the following spells:

 Spells                   Type           Power      Damage    Failure   Level
 Slow                     Hex            100%       N/A       1%          1
 Lesser Beckoning         Tloc           62%        N/A       1%          2
 Searing Ray              Conj           62%        2d6       1%          2
 Sublimation of Blood     Necr           28%        N/A       1%          2
 Gell's Gravitas          Tloc           31%        N/A       2%          3
 Teleport Other           Tloc           31%        N/A       2%          3
 Animate Armour           Summ/Erth      58%        N/A       10%         4
 Fulminant Prism          Conj/Hex       14%        3d8       10%         4
 Sticky Flame             Conj/Fire      29%        2d5       10%         4
 Dispel Undead            Necr           28%        3d13      11%         4
 Borgnjor's Vile Clutch   Necr/Erth      14%        N/A       30%         5
 Ignition                 Fire           14%        3d6       100%        8
 Lehudib's Crystal Spear  Conj/Erth      14%        10d5      100%        8


Dungeon Overview and Level Annotations

Branches:
Dungeon (10/15)            Temple (1/1) D:5            Lair (0/5) D:8
    Orc (0/2) D:9         Ossuary (visited)

Altars:
Ashenzari
Cheibriados
Dithmenos
Elyvilon
Fedhas
Gozag
Hepliaklqana
Kikubaaqudgha
Makhleb
Nemelex Xobeh
Okawaru
Qazlal
Ru
Sif Muna
Trog
Uskayaw
Vehumet
Wu Jian
Xom
Yredelemnul
Zin
The Shining One

Shops:
D:4 (

Annotations:
D:3 1 runed translucent door, Crazy Yiuf
D:10 Maggie


Innate Abilities, Weirdness & Mutations

You have very sharp teeth.
Your uncanny sense of smell can sniff out nearby items.
Your experience applies equally to all skills.


Message History

The acid dragon is poisoned.
You bite the acid dragon, but do no damage.
You slash the acid dragon!
The acid dragon is heavily wounded.
The acid dragon barely misses you. The acid dragon closely misses you.
The acid dragon spits acid at you. The splash of acid hits you!!
* * * LOW HITPOINT WARNING * * *
You hit the acid dragon but do no damage.
The acid dragon is heavily wounded.
The acid dragon bites you but does no damage.
The acid dragon claws you.
You barely miss the acid dragon. Your bite misses the acid dragon.
The acid dragon is heavily wounded.
The acid dragon closely misses you. The acid dragon claws you.
* * * LOW HITPOINT WARNING * * *
Maggie completely misses you.
You slash the acid dragon!
The acid dragon is almost dead.
Maggie hits you from afar with a +1 vampiric glaive!
* * * LOW HITPOINT WARNING * * *
The acid dragon spits acid at you. The splash of acid misses you.
You closely miss the acid dragon.
The acid dragon is almost dead.
The acid dragon barely misses you. The acid dragon misses you.
Maggie mumbles some strange words.
Maggie attempts to bespell you! You resist with almost no effort.
You hit the acid dragon.
You kill the acid dragon!
Maggie mumbles some strange words.
Maggie attempts to bespell you!
You are mesmerised by Maggie!
Unknown command.
You barely miss the acid dragon. The acid dragon closely misses you.
The acid dragon misses you. Maggie barely misses you.
You hit the acid dragon but do no damage.
The acid dragon barely misses you. The acid dragon closely misses you.
Maggie hits you from afar with a +1 vampiric glaive!
You die...

#.. ......... # ∆ #.#
#........... ### ∆ #.#
#.....@.D... ..#### ∆ ∆
#.# ###...........
>....###
#.###...#####...
####...###
#...........#.#
###...###
#..#..........#
###...####.##@#.......##
###......@D.#.....†.#
#...#######......##
##.### #....<.# ### #..#
#......# ..# #.##
######## ..#######.#
..........# ..#########
###


You could see Maggie (mesmerising) and an acid dragon.

Vanquished Creatures
  2 trolls
  Prince Ribbit (D:7)
  2 steam dragons
  2 acid dragons (D:10)
  A water moccasin (D:7)
  An orc warrior (D:9)
  2 ice beasts
  3 centaurs
  A phantom (D:5)
  3 kobold brigands
  4 bullfrogs
  A scorpion (D:6)
  4 wights (D:8)
  15 killer bees
  3 howler monkeys
  A gnoll bouda (D:3)
  3 orc priests
  2 iguanas
  7 orc wizards
  3 gnolls
  3 adders
  2 white imps
  2 ufetubi (D:7)
  A dart slug (D:1)
  6 orcs
  2 ball pythons
  2 endoplasms (D:1)
  A giant cockroach (D:2)
  3 goblins
  2 hobgoblins
  2 jackals (D:2)
  16 kobolds
  2 quokkas
  2 bats
  2 frilled lizards
  5 rats
114 creatures vanquished.

Vanquished Creatures (collateral kills)
  A phantom (D:6)
  3 bullfrogs
  A scorpion (D:5)
  A wight (D:8)
  3 killer bees (D:9)
  4 howler monkeys
  2 jellies (D:6)
  3 orc priests
  Ijyb (D:4)
  3 iguanas
  An orc wizard (D:8)
  An adder (D:5)
  A gnoll (D:2)
  An ufetubus (D:5)
  3 worms
  A dart slug (D:4)
  9 orcs
  4 endoplasms
  A giant cockroach (D:3)
  A gnoll zombie (Ossuary)
  4 goblins
  2 hobgoblins (D:2)
  4 jackals
  2 quokkas
  4 ball pythons
  A frilled lizard (D:3)
  2 kobolds
  A rat (D:2)
65 creatures vanquished.

Vanquished Creatures (others)
  4 killer bee zombies (D:9)
  2 orc zombies (D:7)
6 creatures vanquished.

Grand Total: 185 creatures vanquished

Notes
Turn   | Place    | Note
-------+----------+-------------------------------------------
     0 | D:1      | jimonade the Gnoll Hedge Wizard began the quest for the
                  | Orb.
     0 | D:1      | Reached XP level 1. HP: 13/13 MP: 8/8
   101 | D:1      | Reached XP level 2. HP: 19/19 MP: 7/10
   711 | D:1      | Reached XP level 3. HP: 22/25 MP: 2/11
   880 | D:1      | Learned a level 2 spell: Blink
   883 | D:1      | Learned a level 2 spell: Call Imp
   886 | D:1      | Learned a level 2 spell: Cigotuvi's Dreadful Rot
   890 | D:1      | Learned a level 3 spell: Mephitic Cloud
  1151 | D:2      | Reached skill level 1 in Invocations
  1425 | D:2      | Reached skill level 1 in Fighting
  1425 | D:2      | Reached skill level 1 in Short Blades
  1425 | D:2      | Reached skill level 1 in Long Blades
  1425 | D:2      | Reached skill level 1 in Axes
  1425 | D:2      | Reached skill level 1 in Maces & Flails
  1425 | D:2      | Reached skill level 1 in Polearms
  1425 | D:2      | Reached skill level 1 in Staves
  1425 | D:2      | Reached skill level 1 in Ranged Weapons
  1425 | D:2      | Reached skill level 1 in Throwing
  1425 | D:2      | Reached skill level 1 in Armour
  1425 | D:2      | Reached skill level 1 in Shields
  1425 | D:2      | Reached skill level 1 in Unarmed Combat
  1425 | D:2      | Reached skill level 1 in Evocations
  1603 | D:2      | Reached XP level 4. HP: 32/32 MP: 5/13
  2080 | D:3      | Found a sacrificial altar of Ru.
  2310 | D:3      | Reached skill level 1 in Hexes
  2310 | D:3      | Reached skill level 1 in Necromancy
  2310 | D:3      | Reached skill level 1 in Transmutations
  2310 | D:3      | Reached skill level 1 in Fire Magic
  2310 | D:3      | Reached skill level 1 in Ice Magic
  2310 | D:3      | Reached skill level 1 in Air Magic
  2310 | D:3      | Reached skill level 1 in Earth Magic
  2310 | D:3      | Reached skill level 1 in Poison Magic
  2899 | D:3      | Found a faded altar of an unknown god.
  2954 | D:3      | Reached XP level 5. HP: 37/37 MP: 8/14
  3053 | D:3      | Found a runed translucent door.
  3054 | D:3      | Noticed Crazy Yiuf
  3499 | D:4      | Found a white marble altar of Elyvilon.
  3502 | D:4      | Found a glowing golden altar of the Shining One.
  3503 | D:4      | Found a glowing silver altar of Zin.
  3588 | D:4      | Found a sand-covered staircase.
  3596 | Ossuary  | Entered an ossuary
  3918 | D:4      | Noticed an ogre
  4111 | D:4      | Found a snail-covered altar of Cheibriados.
  4297 | D:4      | Found a bloodstained altar of Trog.
  4325 | D:4      | Noticed Ijyb
  4345 | D:4      | Killed Ijyb
  4346 | D:4      | Reached XP level 6. HP: 36/41 MP: 5/16
  4495 | D:4      | Found Tiferegu's Firing Range.
  4795 | D:5      | Entered Level 5 of the Dungeon
  4810 | D:4      | Reached skill level 5 in Dodging
  5133 | D:5      | Found a staircase to the Ecumenical Temple.
  5158 | Temple   | Entered the Ecumenical Temple
  5303 | Temple   | Upgraded the game from 0.30-a0-368-g86fb4627a9 to
                  | 0.30-a0-393-g54b8e3be05
  5307 | Temple   | Upgraded the game from 0.30-a0-393-g54b8e3be05 to
                  | 0.30-a0-422-g946f4849ff
  5456 | D:5      | Upgraded the game from 0.30-a0-422-g946f4849ff to
                  | 0.30-a0-722-g3e6e8c874d
  5527 | D:5      | Reached XP level 7. HP: 51/51 MP: 18/18
  5539 | D:5      | Got the Handbook of Misery
  6465 | Temple   | Became a worshipper of Ashenzari the Shackled
  6547 | D:5      | Reached skill level 5 in Stealth
  7109 | D:6      | Reached XP level 8. HP: 58/58 MP: 14/19
  7139 | D:6      | Learned a level 1 spell: Kiss of Death
  7275 | D:6      | Found a radiant altar of Vehumet.
  7275 | D:6      | Found a shimmering altar of Xom.
  7276 | D:6      | Found a shadowy altar of Dithmenos.
  7603 | D:6      | Identified the +6 hand axe of Spores {venom, rF- Int+8}
  8133 | D:7      | Learned a level 3 spell: Stone Arrow
  8153 | D:7      | Reached skill level 8 in Spellcasting
  8366 | D:7      | Noticed Prince Ribbit
  8856 | D:7      | Killed Prince Ribbit
  8857 | D:7      | Reached XP level 9. HP: 63/65 MP: 19/21
  9221 | D:7      | Learned a level 3 spell: Confusing Touch
  9226 | D:7      | Learned a level 4 spell: Animate Dead
  9769 | D:8      | Reached skill level 5 in Invocations
 10656 | D:7      | Learned a level 3 spell: Ignite Poison
 10823 | D:8      | Found a staircase to the Lair.
 11096 | D:9      | Found a staircase to the Orcish Mines.
 11247 | D:9      | Reached skill level 5 in Fighting
 11247 | D:9      | Reached skill level 5 in Short Blades
 11247 | D:9      | Reached skill level 5 in Long Blades
 11247 | D:9      | Reached skill level 5 in Axes
 11247 | D:9      | Reached skill level 5 in Maces & Flails
 11247 | D:9      | Reached skill level 5 in Polearms
 11247 | D:9      | Reached skill level 5 in Staves
 11247 | D:9      | Reached skill level 5 in Ranged Weapons
 11247 | D:9      | Reached skill level 5 in Throwing
 11247 | D:9      | Reached skill level 5 in Armour
 11247 | D:9      | Reached skill level 5 in Shields
 11247 | D:9      | Reached skill level 5 in Unarmed Combat
 11247 | D:9      | Reached skill level 5 in Evocations
 11479 | D:9      | Reached XP level 10. HP: 65/74 MP: 20/22
 11951 | D:9      | Reached skill level 9 in Spellcasting
 12121 | D:9      | Reached skill level 5 in Conjurations
 12121 | D:9      | Reached skill level 5 in Summonings
 12121 | D:9      | Reached skill level 5 in Translocations
 12491 | D:10     | Entered Level 10 of the Dungeon
 12722 | D:10     | Noticed Maggie
 12761 | D:10     | Mangled by Maggie

Illustrated notes

Levels and vault maps discovered:
D:1:      wander_arrival_fairy_ring, layout_basic, st_stairs_12, chequers_garden
D:2:      layout_basic
D:3:      layout_loops_cross, lemuel_tele_altar, ebering_ecumenical_altar_rust,
          uniq_crazy_yiuf_cottage
D:4:      layout_cave_pods, good_gods_temple_1, mainiacjoe_overflow_swirl,
          lightli_ossuary_entry_decrepit_ruins,
          eino_small_chamber_without_monster, nicolae_shop_firing_range,
          uniq_ijyb
D:5:      layout_basic, minmay_temple_entry_sparse_star, grunt_ministairs_12
D:6:      layout_cave_pools, chequers_temple_overflow_statue_of_worship
D:7:      layout_rooms, uniq_prince_ribbit1
D:8:      layout_cave_pods, lair_entry_dummy
D:9:      layout_roguey, orc_0_dummy
D:10:     minmay_the_grid_triangle_9x9_rhombus_thin
          [minmay_the_grid_triangle_9x9_odd_lines,
          minmay_the_grid_triangle_9x9_prize_top_heavy,
          minmay_the_grid_triangle_9x9_warning,
          minmay_the_grid_triangle_9x9_zippers_horizontal], layout_rooms,
          minivault_19, uniq_maggie, uniq_psyche
Temple:   cyrus_circular_temple

Skill      XL: |  1  2  3  4  5  6  7  8  9 10 |
---------------+-------------------------------+-----
Conjurations   | 2 3 4 5 |  5.1
Summonings     | 2 3 4 5 |  5.1
Translocations | 2 3 4 5 |  5.1
Invocations    | 1 2 3 4 5 6 |  6.0
Fighting       | 1 2 3 5 |  5.5
Short Blades   | 1 2 3 5 |  5.5
Long Blades    | 1 2 3 5 |  5.5
Axes           | 1 2 3 5 |  5.5
Maces & Flails | 1 2 3 5 |  5.5
Polearms       | 1 2 3 5 |  5.5
Staves         | 1 2 3 5 |  5.5
Ranged Weapons | 1 2 3 5 |  5.5
Throwing       | 1 2 3 5 |  5.5
Armour         | 1 2 3 5 |  5.5
Shields        | 1 2 3 5 |  5.5
Unarmed Combat | 1 2 3 5 |  5.5
Evocations     | 1 2 3 5 |  5.5
Hexes          | 1 2 3 4 |  4.5
Necromancy     | 1 2 3 4 |  4.5
Transmutations | 1 2 3 4 |  4.5
Fire Magic     | 1 2 3 4 |  4.5
Ice Magic      | 1 2 3 4 |  4.5
Air Magic      | 1 2 3 4 |  4.5
Earth Magic    | 1 2 3 4 |  4.5
Poison Magic   | 1 2 3 4 |  4.5
Dodging        | 5 6 7 |  7.2
Stealth        | 5 6 7 |  7.0
Spellcasting   | 8 9 |  9.1

Action                     |  1- 3 |  4- 6 |  7- 9 | 10-12 || total
---------------------------+-------+-------+-------+-------++-------
  Melee: Dagger            |     2 |       |       |       ||     2
         Mace              |       |     1 |       |       ||     1
         Hand axe          |       |       |   178 |    82 ||   260
         Bite              |       |       |    12 |    13 ||    25
         Punch             |       |       |     5 |     3 ||     8
  Throw: Boomerang         |       |       |     2 |       ||     2
   Cast: Magic Dart        |    58 |    92 |    73 |       ||   223
         Call Imp          |    14 |    43 |    66 |     9 ||   132
         Cigotuvi's Dreadf |       |     2 |     1 |       ||     3
         Mephitic Cloud    |       |     2 |       |       ||     2
         Stone Arrow       |       |       |     3 |     2 ||     5
         Animate Dead      |       |       |     2 |     2 ||     4
         Confusing Touch   |       |       |     1 |     3 ||     4
    Use: Scroll            |       |     8 |       |       ||     8
   Stab: Sleeping          |       |       |     2 |       ||     2
         Distracted        |       |       |     1 |     1 ||     2
 Armour: Robe              |     2 |    26 |    30 |     5 ||    63
         Steam dragon scal |       |       |    69 |    41 ||   110
  Dodge: Dodged            |     5 |    63 |   171 |   105 ||   344

Table legend: (Time is in decaauts)
 A = Elapsed time spent in this place.
 B = Non-inter-level travel time spent in this place.
 C = Inter-level travel time spent in this place.
 D = Time resting spent in this place.
 E = Time spent auto-exploring this place.
 F = Levels seen in this place.
 G = Mean time per level.
                   A        B        C        D        E       F      G
               +--------+--------+--------+--------+--------+-----+--------+
         Total |  12813 |  11796 |   1017 |   2530 |   6075 |  12 | 1067.8 |
       Dungeon |  12571 |  11621 |    950 |   2530 |   5952 |  10 | 1257.1 |
        Temple |    230 |    164 |     66 |      0 |    123 |   1 |  230.0 |
       Ossuary |     11 |     11 |      0 |      0 |      0 |   1 |   11.0 |
               +--------+--------+--------+--------+--------+-----+--------+

Top non-repeatable levels by time:
     D:4: 1618 daAuts
     D:5: 1561 daAuts
     D:9: 1538 daAuts
     D:3: 1527 daAuts
     D:8: 1463 daAuts
     D:6: 1407 daAuts
     D:7: 1233 daAuts
     D:2: 1074 daAuts
     D:1: 987 daAuts
  Temple: 230 daAuts
    D:10: 157 daAuts
 Ossuary: 11 daAuts
